 Dungeon Crawl Stone Soup version 0.26.1 (webtiles) character file.

Game seed: 9579357990439197839

814 Gadfly the Slasher (level 7, -5/63 HPs)
             Began as a Palentonga Delver on Feb 4, 2021.
             Was an Initiate of Gozag.
             Slain by an iguana (13 damage)
             ... on level 5 of the Dungeon.
             The game lasted 00:12:45 (7999 turns).

Gadfly the Slasher (Palentonga Delver)              Turns: 7999, Time: 00:12:46

Health: -5/63      AC: 14    Str: 17    XL:     7   Next: 62%
Magic:  7/7        EV: 10    Int: 10    God:    Gozag
Gold:   705        SH:  0    Dex: 12    Spells: 6/6 levels left

rFire    . . .     SeeInvis +   y - -3 dagger (curse)
rCold    . . .     Faith    .   (no shield)
rNeg     . . .     Spirit   .   u - +1 leather armour
rPois    .         Reflect  .   (no helmet)
rElec    .         Harm     .   t - scarf {repulsion}
rCorr    .         Rampage  .   m - +0 pair of gloves
Will     .....                  (no barding)
Stlth    ++........             (no amulet)
HPRegen  0.20/turn              (no ring)
MPRegen  0.10/turn              (no ring)

@: hasted, repel missiles, curled up, very quick
A: large, rugged brown scales 3, see invisible, deformed body, roll 1, armoured
tail, reflexive curl
a: Rolling Charge, Renounce Religion, Potion Petition, Call Merchant, Bribe
Branch


You were on level 5 of the Dungeon.
You worshipped Gozag.
Gozag was pleased with you.
You visited 2 branches of the dungeon, and saw 7 of its levels.

You collected 715 gold pieces.
You paid 10 gold pieces to Gozag.

Inventory:

Hand Weapons
 a - a +1 falchion
 b - a +0 dagger of venom
 l - a +4 quarterstaff of chaos
 x - a +1 dagger of speed
 y - a cursed -3 dagger (weapon)
Armour
 m - a +0 pair of gloves (worn)
 r - a +0 ring mail
 t - a scarf of repulsion (worn)
 u - a +1 leather armour (worn)
Jewellery
 o - an uncursed amulet of the acrobat {unknown}
Wands
 d - a wand of iceblast (8)
 g - a wand of digging (3)
 j - a wand of flame (6)
Scrolls
 c - 2 scrolls of fog
 e - 2 scrolls of fear
 k - 2 scrolls of identify
 p - a scroll of enchant armour
 q - 2 scrolls of enchant weapon
 w - a scroll of teleportation
Potions
 f - a potion of haste
 h - 2 potions of might
 i - a potion of flight
 n - 4 potions of curing
 s - a potion of berserk rage
 v - a potion of ambrosia


   Skills:
 + Level 4.2 Fighting
 * Level 4.7 Long Blades
 * Level 3.3 Armour
 + Level 2.8 Dodging
 - Level 3.3 Stealth
 * Level 3.6 Evocations


You had 6 spell levels left.
You didn't know any spells.
Your spell library was empty.

Dungeon Overview and Level Annotations

Branches:
Dungeon (6/15)             Temple (1/1) D:5

Altars:
Ashenzari
Cheibriados
Dithmenos
Elyvilon
Fedhas
Gozag
Hepliaklqana
Kikubaaqudgha
Makhleb
Nemelex Xobeh
Okawaru
Qazlal
Ru
Sif Muna
Trog
Uskayaw
Vehumet
Wu Jian
Xom
Yredelemnul
Zin
The Shining One


Innate Abilities, Weirdness & Mutations

You are completely covered in rugged brown scales. (AC +3, +7% HP)
You have supernaturally acute eyesight. (SInv)
Armour fits poorly on your strangely shaped body.
You can roll at nearby foes to attack.
You have a long armoured tail.
You curl defensively after being hit.


Message History

You are too injured to fight recklessly!
You are too injured to fight recklessly!
You hit the iguana but do no damage. You tail-slap the iguana!
The iguana is severely wounded.
The iguana bites you!
* * * LOW HITPOINT WARNING * * *
You hit the iguana but do no damage.
Your tail-slap misses the iguana.
The iguana is severely wounded.
You hit the iguana but do no damage.
Your tail-slap misses the iguana.
The iguana is severely wounded.
The iguana bites you.
* * * LOW HITPOINT WARNING * * *
You closely miss the iguana.
You tail-slap the iguana, but do no damage.
The iguana is severely wounded.
The iguana bites you.
* * * LOW HITPOINT WARNING * * *
You feel yourself speed up. The iguana bites you!
You die...
Your body crumbles into a pile of gold.

.....#.............##....## #
.>.#...#.####.#.##.......# #
.....#...####.#.#####...## #
.#.#...###.......#####.## #
.[...#####.##.#........# #
#.#........##.##.#####.# #
....######.##.....# ##'## ####
.#.## #.##..#..###...## #... ...#
#.##..#@l##.....## #.## #..#
#.#...#..#.......## #.#.
#.########.................###...
...........................'.....
...<...####................###...
#..###.# ##.#.####.......## #.#.
...# #.# ###.# ##.....## #.##
#.## #.# #.# ##...## #...
#.####.# #.# ##+## ####


You could see an iguana.

Vanquished Creatures
  Grinder (D:4)
  An ice beast (D:3)
  A scorpion (D:5)
  A howler monkey (D:3)
  2 bullfrog zombies (D:5)
  Crazy Yiuf (D:3)
  An orc priest (D:4)
  2 iguanas (D:4)
  Ijyb (D:4)
  Natasha (thrice) (D:3)
  6 adders
  2 shadow imps (D:5)
  An adder skeleton (D:4)
  3 worms
  4 leopard geckos
  9 orcs
  2 ball pythons
  3 giant cockroaches
  3 goblins
  5 hobgoblins
  9 jackals
  2 quokkas
  6 bats
  6 frilled lizards
  3 kobolds
  A quokka skeleton (D:4)
  A rat (D:2)
80 creatures vanquished.

Notes
Turn   | Place    | Note
-------+----------+-------------------------------------------
     0 | D:5      | Gadfly the Palentonga Delver began the quest for the Orb.
     0 | D:5      | Reached XP level 1. HP: 20/20 MP: 1/1
    81 | D:5      | Reached skill level 1 in Armour
    81 | D:5      | Reached skill level 1 in Evocations
    81 | D:5      | Reached XP level 2. HP: 12/27 MP: 2/2
    81 | D:5      | Reached XP level 3. HP: 14/33 MP: 3/3
   358 | D:5      | Found a staircase to the Ecumenical Temple.
   364 | Temple   | Entered the Ecumenical Temple
   515 | Temple   | Became a worshipper of Gozag Ym Sagoz the Greedy
   727 | D:4      | HP: 1/33 [iguana (5)]
   729 | D:4      | Reached XP level 4. HP: 2/40 MP: 4/4
  2486 | D:2      | Reached XP level 5. HP: 22/48 MP: 5/5
  3592 | D:3      | Found an ancient bone altar of Kikubaaqudgha.
  3592 | D:3      | Found a hide-covered altar of Uskayaw.
  3592 | D:3      | Found a shimmering blue altar of Sif Muna.
  3592 | D:3      | Found a snail-covered altar of Cheibriados.
  3593 | D:3      | Found a sparkling altar of Nemelex Xobeh.
  3594 | D:3      | Found a sacrificial altar of Ru.
  3595 | D:3      | Found a glowing golden altar of the Shining One.
  3600 | D:3      | Found an ornate altar of the Wu Jian Council.
  3675 | D:3      | Noticed Natasha
  3696 | D:3      | Killed Natasha
  3933 | D:3      | Noticed Natasha
  3938 | D:3      | Killed Natasha
  4060 | D:3      | Reached XP level 6. HP: 39/54 MP: 6/6
  4217 | D:3      | Found a glowing silver altar of Zin.
  4277 | D:3      | Noticed an ice beast
  4291 | D:3      | Killed an ice beast
  4600 | D:3      | Noticed Natasha
  4604 | D:3      | Killed Natasha
  4763 | D:3      | Found a runed translucent door.
  4764 | D:3      | Noticed Crazy Yiuf
  4775 | D:3      | Killed Crazy Yiuf
  4962 | D:4      | Noticed Ijyb
  4979 | D:4      | Killed Ijyb
  5826 | D:4      | Gained mutation: You curl defensively after being hit.
                  | [Palentonga growth]
  5826 | D:4      | Reached XP level 7. HP: 33/62 MP: 7/7
  6168 | D:4      | Noticed Grinder
  6204 | D:4      | Killed Grinder
  6929 | D:5      | Found a snail-covered altar of Cheibriados.
  7999 | D:5      | Slain by an iguana

Illustrated notes

Levels and vault maps discovered:
D:1:      dpeg_arrival_tiny_j, layout_basic, hangedman_decor_clover_reticule
D:2:      layout_basic, serial_corexii_hall, chequers_hall_statues_wall_a,
          chequers_hall_statues_wall_a, dk_noncrumbling_4, minmay_vboxes
D:3:      layout_rooms, old_standard_altar, minitemple, minmay_quadrilaterals,
          uniq_crazy_yiuf_cottage, uniq_natasha
D:4:      layout_basic, amcnicky_mini_corridor_feature, uniq_ijyb, uniq_grinder
D:5:      layout_loops_corners, minmay_temple_entry_sparse_star, basic_altar
D:6:      layout_cave_pools
Temple:   dshaligram_water_room_temple

Skill      XL: |  1  2  3  4  5  6  7 |
---------------+----------------------+-----
Armour         | 1 2 3 |  3.3
Evocations     | 1 2 3 |  3.6
Dodging        | 2 |  2.8
Long Blades    | 3 4 |  4.7
Fighting       | 4 |  4.2
Stealth        | |  3.3

Action                   |  1- 3 |  4- 6 |  7- 9 || total
-------------------------+-------+-------+-------++-------
Melee: Falchion          |    49 |   222 |       ||   271
       Tailslap          |     8 |    34 |    13 ||    55
       Dagger            |       |    20 |   170 ||   190
 Abil: Rolling Charge    |     1 |    25 |     4 ||    30
Evoke: Wand              |       |       |     2 ||     2
  Use: Scroll            |     1 |    15 |       ||    16
       Potion            |     1 |     4 |     4 ||     9
 Stab: Distracted        |       |     1 |       ||     1
Armor: Leather armour    |    17 |    83 |    30 ||   130
       Ring mail         |       |    31 |       ||    31
       Skin              |       |       |    42 ||    42
Dodge: Dodged            |    25 |   121 |    42 ||   188
       Rpst.: Falchion   |     7 |    34 |       ||    41
